 Dungeon Crawl Stone Soup version 0.27.1-33-g824d729ab1 (webtiles) character file.

Game seed: 16592936695448732376

1 Descartes the Magician (level 1, -3/15 HPs)
             Began as a Djinni Wanderer on Dec 28, 2021.
             Slain by a quokka (5 damage)
             ... on level 1 of the Dungeon.
             The game lasted 00:00:40 (127 turns).

Descartes the Magician (Djinni Wanderer)             Turns: 127, Time: 00:00:40

Health: -3/15      AC:  2    Str: 12    XL:     1   Next: 22%
Gold:   0          EV: 11    Int: 14    God:
                   SH:  0    Dex: 10

rFire    + + .     SeeInvis .   a - +0 club
rCold    x . .     Faith    .   (no shield)
rNeg     . . .     Spirit   .   b - +0 robe
rPois    ∞         Reflect  .   (no helmet)
rElec    .         Harm     .   e - scarf {+Inv}
rCorr    .         Rampage  .   (no gloves)
Will     .....                  (boots unavailable)
Stlth    +.........             (no amulet)
HPRegen  0.05/turn              (no ring)
MPRegen  0.00/turn              (no ring)

@: flying
A: sickness immunity, fire resistance 2, cold vulnerability 1, float, innate
caster, hp casting, extra vitality 1
a: Evoke Invisibility


You were on level 1 of the Dungeon.
You visited 1 branch of the dungeon, and saw 1 of its levels.

Inventory:

Hand Weapons
 a - a +0 club (weapon)
Missiles
 d - 13 arrows
Armour
 b - a +0 robe (worn)
 e - a scarf of invisibility (worn)
Scrolls
 c - 2 scrolls of teleportation


   Skills:
 + Level 0.1 Fighting
 - Level 1.0 Throwing
 + Level 0.1 Dodging
 + Level 1.0 Shields
 + Level 6.6 Spellcasting


You couldn't memorise any spells.
You knew the following spells:

 Your Spells              Type           Power      Damage    Failure   Level
a - Magic Dart            Conj           92%        1d7       1%          1
b - Blink                 Tloc           N/A        N/A       1%          2
c - Call Imp              Summ           23%        N/A       1%          2
d - Slow                  Hex            23%        N/A       1%          2
e - Conjure Flame         Conj/Fire      23%        6-21      3%          3
f - Mephitic Cloud        Conj/Pois/Air  23%        N/A       3%          3

Your spell library contained the following spells:

 Spells                   Type           Power      Damage    Failure   Level


Dungeon Overview and Level Annotations

Branches:
Dungeon (1/15)

Altars:

Annotations:
D:1 1 runed translucent door


Innate Abilities, Weirdness & Mutations

You are immune to sickness and miasma.
You are immune to poison.
Your flesh is very heat resistant. (rF++)
You are vulnerable to cold. (rC-)
You float through the air rather than walking.
You learn spells naturally, not from books.
Your magical power is your life essence.
You have superior vitality. (+4 HP)


Message History

Okay, then.
HP restored.
The jackal barks!
Found a glowing scarf.
Found a robe.
d - 13 arrows You see here a scarf of invisibility.
e - a scarf of invisibility You start putting on your armour.
You continue putting on your scarf of invisibility. x4
You finish putting on your scarf of invisibility.
You become transparent for a moment.
You see here a +0 robe.
A quokka comes into view.
Found 8 gold pieces.
Found a leather armour.
You barely miss the quokka. The quokka bites you. x2
You barely miss the quokka. The quokka bites you.
You are too injured to fight recklessly!
You are too injured to fight recklessly!
You are too injured to fight recklessly!
You are too injured to fight recklessly!
You are too injured to fight recklessly!
You are too injured to fight recklessly!
You are too injured to fight recklessly!
You are too injured to fight recklessly!
You are too injured to fight recklessly!
You are too injured to fight recklessly!
You are too injured to fight recklessly!
A quokka is nearby!
Cast which spell? (? or * to list)
Aiming: Magic Dart (safe; 1% risk of failure)
Press: ? - help, Shift-Dir - straight line, f - quokka
Aim: a quokka (100% to hit)
Okay, then.
You miss the quokka. The quokka barely misses you. The quokka bites you.
* * * LOW HITPOINT WARNING * * *
You barely miss the quokka. The quokka closely misses you.
You closely miss the quokka. The quokka bites you.
You die...

###### ....###
#.....# P #.#.#.#
#### .P.
#.....#########...
.P.P
#.#.#.#...........
[P...##....[#.###...
..
P.P....#......##.##
#.
...P###@###.#..#...##
#. PP
#r###.#.......###.
#.#...............
#.#.###+#######'##
#.#.#..⌠...>...⌠..
#$. #......<......
### +⌠....###....⌠
#.............
#######+######


You could see a quokka.

Vanquished Creatures
  A hobgoblin (D:1)
1 creature vanquished.

Notes
Turn   | Place    | Note
-------+----------+-------------------------------------------
     0 | D:1      | Descartes the Djinni Wanderer began the quest for the Orb.
     0 | D:1      | Reached XP level 1. HP: 15/15 MP: 0/0
     1 | D:1      | Found a runed translucent door.
   127 | D:1      | Slain by a quokka

Illustrated notes

Levels and vault maps discovered:
D:1:      dpeg_arrival_caged_fury, layout_loops_ring, minmay_hedge_maze,
          due_unseen_surprise

Action                   || total
-------------------------++-------
Melee: Club              ||    13
Dodge: Dodged            ||     9
